Map: Ascension to Aiur LE

Players

WeRiano

  • Race: Protoss Protoss
  • Spawn Location: 5:00

Sluskis - Winner!

  • Race: Zerg Zerg
  • Spawn Location: 11:00

Event: WCS Jonkoping 2017

VOD

Have the link to the VOD?

Description

Time

  • Played on: June 17, 2017, 10:20 a.m.
  • Length: 13:41

All games in this series

Show
View Real Time Build Order
Export as new Build Order

WeRiano Protoss 

Build Orders: 1 Gate Expand, Oracle Opening 

Get SALT Encoding   

  12  0:01  Probe (Chrono Boost)  
  13  0:11  Probe (Chrono Boost)  
  14  0:17  Pylon  
  14  0:22  Probe (Chrono Boost)  
  15  0:36  Probe (Chrono Boost)  
  15  0:38  Gateway  
  16  0:46  Probe (Chrono Boost)  
  16  0:48  Assimilator  
  18  0:57  Probe (Chrono Boost)  
  18  1:07  Probe (Chrono Boost)  
  19  1:18  Probe (Chrono Boost)  
  20  1:25  Nexus  
  20  1:34  Cybernetics Core  
  20  1:38  Probe (Chrono Boost)  
  21  1:43  Assimilator  
  21  1:49  Probe (Chrono Boost)  
  22  1:59  Probe (Chrono Boost)  
  23  2:01  Pylon  
  23  2:14  Warp Gate (Chrono Boost)  
  23  2:19  Probe  
  23  2:20  Adept (Chrono Boost)  
  26  2:31  Probe  
  26  2:32  Stargate  
  26  2:35  Probe  
  28  2:43  Probe, Adept (Chrono Boost)  
  31  2:45  Probe  
  32  2:57  Probe  
  31  2:58  Probe  
  31  3:04  Gateway  
  33  3:06  Mothership Core  
  33  3:09  Gateway  
  35  3:14  Probe  
  35  3:18  Oracle (Chrono Boost)  
  39  3:31  Probe  
  39  3:33  Probe  
  39  3:42  Pylon  
  39  3:44  Probe  
  39  3:45  Probe  
  39  3:48  Oracle  
  44  3:57  Probe x2 (Chrono Boost)  
  46  4:03  Pylon  
  46  4:08  Probe (Chrono Boost)  
  46  4:09  Probe (Chrono Boost)  
  48  4:18  Adept x3  
  48  4:22  Probe x2 (Chrono Boost)  
  56  4:32  Probe x2 (Chrono Boost)  
  56  4:35  Nexus  
  56  4:37  Pylon  
  58  4:39  Pylon  
  58  4:40  Phoenix  
  58  4:44  Probe x2 (Chrono Boost)  
  62  4:55  Probe x2 (Chrono Boost)  
  62  4:59  Assimilator x2  
  64  5:01  Adept  
  64  5:02  Adept x2  
  70  5:12  Probe x2 (Chrono Boost)  
  72  5:27  Adept x3  
  50  5:36  Probe x2 (Chrono Boost)  
  45  5:55  Probe x2 (Chrono Boost)  
  46  6:06  Probe x2 (Chrono Boost), Adept x3  
  53  6:16  Probe (Chrono Boost)  
  54  6:20  Pylon  
  54  6:22  Pylon  
  54  6:28  Pylon  
  54  6:34  Pylon  
  54  6:35  Pylon  
  54  6:38  Probe x2 (Chrono Boost)  
  56  6:49  Probe x2 (Chrono Boost)  
  50  6:56  Adept x2  
  50  6:57  Adept  
  50  6:59  Probe (Chrono Boost)  
  42  7:10  Probe (Chrono Boost)  
  42  7:11  Probe (Chrono Boost)  
  44  7:21  Probe x2 (Chrono Boost)  
  46  7:25  Robotics Facility  
  46  7:30  Sentry x2, Adept  
  46  7:32  Probe x2 (Chrono Boost)  
  54  7:42  Probe x2 (Chrono Boost)  
  56  7:53  Probe x2 (Chrono Boost)  
  56  7:55  Pylon  
  56  7:57  Assimilator  
  58  8:03  Probe (Chrono Boost)  
  58  8:04  Probe (Chrono Boost)  
  60  8:14  Probe (Chrono Boost)  
  60  8:15  Probe (Chrono Boost)  
  62  8:21  Adept  
  62  8:22  Adept x2  
  62  8:24  Probe (Chrono Boost)  
  68  8:45  Adept  
  68  8:46  Adept  
  68  8:48  Probe x2 (Chrono Boost)  
  74  8:51  Immortal  
  78  8:58  Probe x2 (Chrono Boost)  
  80  9:09  Nexus  
  80  9:12  Pylon  
  80  9:14  Adept x3  
  80  9:15  Pylon  
  86  9:17  Pylon  
  86  9:30  Probe x2 (Chrono Boost)  
  88  9:35  Immortal  
  89  9:39  Forge, Twilight Council  
  71  9:53  Probe x2 (Chrono Boost)  
  73  10:03  Charge  
  65  10:13  Gateway, Protoss Ground Weapons Level 1 (Chrono Boost)  
  65  10:14  Gateway  
  65  10:15  Immortal  
  65  10:16  Gateway  
  65  10:20  Sentry x3  
  75  10:27  Probe x2  
  77  10:31  Pylon x2, Probe  
  78  10:39  Probe, Templar Archives  
  79  10:48  Probe  
  79  10:50  Probe  
  79  10:51  Probe  
  79  10:56  Immortal  
  83  11:06  Gateway  
  83  11:08  Gateway  
  83  11:09  Probe  
  83  11:10  Probe x2  
  86  11:14  Adept x3  
  90  11:19  Adept x2  
  90  11:29  Psionic Storm, Adept  
  81  11:38  Immortal  
  77  11:42  High Templar x2  
  81  11:47  Sentry x2  
  81  11:49  Zealot  
  81  11:51  Zealot  
  89  12:10  Nexus  
  89  12:11  High Templar  
  89  12:12  High Templar  
  90  12:25  Warp Prism (Chrono Boost)  
  92  12:32  Nexus  
  92  12:36  Pylon  
  92  12:38  Pylon  
  92  12:39  Pylon  
  92  12:54  High Templar x2  
  96  12:58  Archon  
  96  13:10  Assimilator  
  96  13:12  Sentry x3  
  100  13:13  Zealot  
  100  13:14  Assimilator  
Show
View Real Time Build Order
Export as new Build Order

Sluskis Zerg - Winner!

Build Orders: Hatch First, Lurkers 

Get SALT Encoding   

  12  0:01  Drone  
  13  0:12  Overlord  
  13  0:17  Drone  
  14  0:30  Drone x2  
  14  0:35  Drone  
  17  0:54  Hatchery  
  16  0:58  Drone  
  16  1:01  Drone  
  18  1:12  Extractor  
  18  1:16  Spawning Pool  
  16  1:19  Drone  
  16  1:22  Drone  
  18  1:32  Drone  
  19  1:41  Drone  
  20  1:48  Evolution Chamber  
  20  1:49  Overlord  
  19  2:00  Drone  
  20  2:03  Queen  
  20  2:06  Queen  
  24  2:14  Zerg Melee Weapons Level 1  
  24  2:17  Zergling x2  
  24  2:20  Drone  
  26  2:23  Drone  
  26  2:27  Drone  
  28  2:30  Drone  
  29  2:38  Drone  
  30  2:47  Drone x2  
  32  2:54  Metabolic Boost  
  32  3:01  Hatchery  
  32  3:04  Drone  
  32  3:06  Drone  
  33  3:14  Drone x3  
  33  3:17  Overlord  
  35  3:36  Overlord  
  35  3:38  Pneumatized Carapace  
  35  3:39  Zergling x8  
  39  3:42  Overlord  
  39  3:47  Spore Crawler  
  38  3:49  Spore Crawler  
  37  4:07  Baneling Nest  
  37  4:08  Zergling x12  
  42  4:23  Overlord  
  42  4:25  Zergling x12  
  42  4:26  Zergling x2  
  48  4:41  Zergling x12  
  54  4:58  Zergling x4  
  54  4:59  Zergling x12  
  60  5:01  Baneling x2  
  60  5:02  Baneling  
  60  5:03  Baneling  
  60  5:05  Baneling  
  60  5:06  Baneling  
  60  5:08  Baneling  
  54  5:39  Drone x4  
  54  5:40  Drone x8  
  64  5:44  Extractor  
  64  5:45  Extractor  
  64  5:46  Lair  
  58  6:09  Drone x7  
  58  6:10  Drone x2, Overlord  
  65  6:18  Spore Crawler  
  64  6:34  Drone  
  64  6:38  Overlord x3  
  64  6:40  Queen  
  64  6:44  Zerg Missile Weapons Level 1  
  64  6:46  Hydralisk Den  
  57  7:06  Drone x5  
  60  7:13  Drone  
  60  7:14  Drone x7  
  67  7:40  Drone x3  
  67  7:42  Muscular Augments  
  69  7:55  Drone x5  
  73  8:04  Extractor  
  72  8:07  Hydralisk x4  
  72  8:09  Overlord x5  
  80  8:15  Centrifical Hooks  
  80  8:18  Drone  
  80  8:19  Drone  
  79  8:41  Hydralisk x7  
  79  8:46  Queen  
  95  8:50  Hydralisk x2  
  95  8:51  Zergling x12  
  102  9:07  Drone x6  
  102  9:08  Drone  
  102  9:09  Extractor  
  102  9:18  Drone x3  
  102  9:22  Extractor, Hydralisk  
  102  9:23  Hatchery  
  105  9:25  Baneling x2  
  105  9:26  Baneling x3  
  105  9:28  Baneling x3  
  105  9:29  Baneling  
  94  10:03  Hydralisk x2  
  94  10:04  Hydralisk x3, Zergling x4  
  94  10:05  Zergling x4  
  105  10:25  Overlord x2  
  105  10:26  Overlord x3  
  105  10:27  Overlord x3  
  105  10:51  Drone x3  
  105  10:52  Drone x3  
  105  10:56  Hydralisk x4, Zergling x4  
  105  10:57  Zergling x6  
  123  10:59  Lurker Den  
  123  11:00  Zerg Melee Weapons Level 2  
  123  11:03  Evolution Chamber  
  123  11:05  Baneling x2  
  123  11:06  Baneling  
  123  11:11  Hydralisk x3  
  123  11:12  Hydralisk x5, Zergling x8  
  139  11:32  Hydralisk x5, Zergling x2  
  131  11:33  Zergling x10  
  138  11:43  Zerg Ground Armor Level 1  
  139  11:47  Drone x7  
  145  12:04  Zergling x16  
  145  12:07  Spire  
  151  12:09  Baneling x3  
  151  12:10  Baneling x7  
  151  12:11  Baneling x2  
  150  12:24  Zergling x10  
  150  12:25  Zergling x12  
  150  12:27  Drone  
  150  12:28  Drone  
  163  12:36  Lurker x2  
  163  12:37  Lurker x5  
  168  12:41  Zergling x6  
  168  12:43  Overlord  
  173  12:44  Overseer  
  173  12:46  Overseer  
  168  13:03  Hydralisk x5, Zergling x4  
  168  13:04  Zergling x6  
Tags
 
Add a new tag
Caveats
  • Supply blocks, unpowered buildings, or Contaminate may cause inaccurate times.
  • Supply counts are checked every 10 seconds.